 Dungeon Crawl Stone Soup version 0.28-a0-674-gdaf460b524 (webtiles) character file.

Game seed: 18421799618582378100

223 Irenicus the Geomancer (level 5, 41/42 HPs)
             Began as a Deep Dwarf Earth Elementalist on Oct 17, 2021.
             Quit the game on level 4 of the Dungeon.
             The game lasted 00:04:57 (554 turns).

Irenicus the Geomancer (DDEE)                        Turns: 554, Time: 00:04:57

Health: 41/42      AC:  3    Str: 11    XL:     5   Next: 66%
Magic:  0/6        EV: 11    Int: 17    God:
Gold:   24         SH:  0    Dex: 13    Spells: 6/7 levels left

rFire   . . .      SeeInvis .   e - +2 spear (freeze)
rCold   . . .      Faith    .   (no shield)
rNeg    . . .      Spirit   .   d - +0 leather armour
rPois   .          Reflect  .   (no helmet)
rElec   .          Harm     .   (no cloak)
rCorr   .          Rampage  .   (no gloves)
Will    .....                   (no boots)
Stlth   ++........              (no amulet)
HPRegen 0.00/turn               (no ring)
MPRegen 0.10/turn               (no ring)

@: no status effects
A: damage resistance, heal wounds, sense surroundings 1, no regeneration
a: Heal Wounds


You were on level 4 of the Dungeon.
You visited 1 branch of the dungeon, and saw 4 of its levels.

You collected 24 gold pieces.


Innate Abilities, Weirdness & Mutations

You are resistant to damage.
You can heal yourself by infusing magical energy.
You passively map a small area around you.
You do not regenerate.


   Skills:
 - Level 2.1 Dodging
 - Level 2.4 Stealth
 - Level 1.7 Spellcasting
 - Level 0.8 Transmutations
 + Level 8.5 Earth Magic


You had 6 spell levels left.
You knew the following spells:

 Your Spells              Type           Power      Damage    Failure   Level
z - Sandblast             Erth           60%        2d14      1%          1

Your spell library contained the following spells:

 Spells                   Type           Power      Damage    Failure   Level
 Passwall                 Tmut/Erth      14%        N/A       6%          2
 Stone Arrow              Conj/Erth      32%        3d9       14%         3
 Magic Dart               Conj           4%         1d3       26%         1
 Summon Small Mammal      Summ           4%         N/A       26%         1
 Searing Ray              Conj           2%         2d4       36%         2
 Petrify                  Tmut/Erth      17%        N/A       36%         4
 Call Canine Familiar     Summ           1%         N/A       61%         3
 Summon Guardian Golem    Hex/Summ       1%         N/A       61%         3
 Fulminant Prism          Conj/Hex       0%         3d6       95%         4

Inventory:

Hand Weapons
 e - a +2 spear of freezing (weapon)
Missiles
 c - 3 stones
Armour
 d - a +0 leather armour (worn)
Scrolls
 a - a scroll of teleportation {@r2}
 b - a scroll of holy word {unknown}

Dungeon Overview and Level Annotations

Branches:
Dungeon (4/15)
 Temple: D:4-7

Altars:

Annotations:
D:4 1 transporter, Dowan, Duvessa

###### ############....#
#............##.# #####
##.........†...#.# ########....
#..............#..........'....
#....#########.############....
#....# #@# #....... ###....#
#e# #.##.... .......# #.####
#....... ###....# #.#..#
######## #....# #.#..# # ######
#.#..###### ## #.........# #.
#.........# ### ######*
#.....÷...# #..


You could see Duvessa (strong).


Message History

You hit Duvessa but do no damage.
Duvessa is heavily wounded.
Duvessa drinks a potion.
Duvessa seems to grow stronger.
Casting: Sandblast (safe; 1% risk of failure)
Confirm with . or Enter, or press ? or * to list all spells.
Aiming: Sandblast (safe; 1% risk of failure)
Press: ? - help, Shift-Dir - straight line, f/p - Duvessa
Aim: Duvessa, wielding a +0 short sword and wearing a +0 scale mail (heavily wounded, strong, 87% to hit)
The blast of sand hits Duvessa!
Duvessa is severely wounded.
Duvessa hits you with a +0 short sword.
You aren't carrying any items that you can evoke.
You aren't carrying any potions.
Unknown command.
Casting: Sandblast (safe; 1% risk of failure)
Confirm with . or Enter, or press ? or * to list all spells.
Aiming: Sandblast (safe; 1% risk of failure)
Press: ? - help, Shift-Dir - straight line, f/p - Duvessa
Aim: Duvessa, wielding a +0 short sword and wearing a +0 scale mail (severely wounded, strong, 87% to hit)
The blast of sand hits Duvessa but does no damage.
Duvessa is severely wounded.
Duvessa closely misses you.
You barely miss Duvessa.
Duvessa is severely wounded.
Duvessa hits you with a +0 short sword!
* * * LOW HITPOINT WARNING * * *
Use which ability? (? or * to list)
Your magical essence is drained by the effort!
You feel much better. Duvessa misses you.
Are you sure you want to abandon this character and quit the game? (Confirm with "yes".)

Skill      XL: |  1  2  3  4  5 |
---------------+----------------+-----
Earth Magic    | 5 7 8 |  8.5
Dodging        | |  2.1
Stealth        | |  2.4
Spellcasting   | |  1.7
Transmutations | |  0.8

Action                   |  1- 3 |  4- 6 || total
-------------------------+-------+-------++-------
Melee: Spear             |     9 |    14 ||    23
 Cast: Sandblast         |    20 |    20 ||    40
 Abil: Heal Wounds       |       |     1 ||     1
  Use: Scroll            |       |     1 ||     1
       Potion            |       |     1 ||     1
 Stab: Sleeping          |       |     1 ||     1
Armor: Leather armour    |     3 |     4 ||     7
Dodge: Dodged            |     9 |     6 ||    15

Levels and vault maps discovered:
D:1:      lightli_arrival_statuegarden, layout_loops_ring,
          chequers_serial_rivers_large_b, lexackson_kobold_supper
D:2:      layout_basic, shapermc_ecumenical_altar_venn, uniq_sigmund
D:3:      minmay_chambers_of_twos, layout_loops_cross, dancing_weapons_uskayaw,
          brannock_xom_greatest_gift, dk_noncrumbling_2
D:4:      layout_basic, gammafunk_ghost_gnarly_gnolls, kennysheep_crisscross,
          nicolae_zen_rock_garden, guppyfry_shop_venom, uniq_duvessa

Notes
Turn   | Place    | Note
-------+----------+-------------------------------------------
     0 | D:1      | Irenicus the Deep Dwarf Earth Elementalist began the quest
                  | for the Orb.
     0 | D:1      | Reached XP level 1. HP: 15/15 MP: 3/3
   173 | D:2      | Reached skill level 5 in Earth Magic
   173 | D:2      | Reached XP level 2. HP: 22/22 MP: 0/4
   248 | D:3      | Reached XP level 3. HP: 24/28 MP: 2/5
   267 | D:4      | Noticed a black bear
   296 | D:4      | Killed a black bear
   297 | D:4      | Reached skill level 7 in Earth Magic
   297 | D:4      | Reached XP level 4. HP: 15/36 MP: 0/6
   298 | D:4      | Noticed Dowan
   367 | D:4      | Found a transporter.
   447 | D:4      | Reached XP level 5. HP: 18/42 MP: 7/7
   489 | D:4      | Reached skill level 8 in Earth Magic
   518 | D:4      | Noticed Duvessa
   554 | D:4      | Quit the game

Vanquished Creatures
  A black bear (D:4)
  A hound (D:4)
  A centaur skeleton (D:4)
  An iguana (D:4)
  2 adders (D:2)
  A white imp (D:4)
  An adder skeleton (D:4)
  3 orcs (D:4)
  4 ball pythons
  An endoplasm (D:2)
  2 giant cockroaches (D:4)
  A goblin (D:2)
  3 jackals (D:3)
  3 quokkas
  A frilled lizard (D:1)
  2 rats
28 creatures vanquished.

Vanquished Creatures (others)
  2 plants (D:4)
2 creatures vanquished.

Grand Total: 30 creatures vanquished

Table legend: (Time is in decaauts)
 A = Elapsed time spent in this place.
 B = Non-inter-level travel time spent in this place.
 C = Inter-level travel time spent in this place.
 D = Time resting spent in this place.
 E = Time spent auto-exploring this place.
 F = Levels seen in this place.
 G = Mean time per level.
                   A        B        C        D        E       F      G
               +--------+--------+--------+--------+--------+-----+--------+
         Total |    557 |    557 |      0 |      0 |      0 |   4 |  139.2 |
       Dungeon |    557 |    557 |      0 |      0 |      0 |   4 |  139.2 |
               +--------+--------+--------+--------+--------+-----+--------+

Top non-repeatable levels by time:
     D:4: 290 daAuts
     D:1: 127 daAuts
     D:2: 118 daAuts
     D:3: 20 daAuts

Table legend:
 A = Non-vault XP
 B = Vault XP
 C = Vault XP percentage of total XP
 D = Non-vault monster count
 E = Vault monster count
 F = Vault count percentage of total count
                 A         B        C        D         E       F
            +---------+---------+-------+---------+---------+-------
      Total |     319 |       0 |   0.0 |      28 |       0 |   0.0
            +---------+---------+-------+---------+---------+-------
        D:1 |       4 |       0 |   0.0 |       3 |       0 |   0.0
        D:2 |      36 |       0 |   0.0 |       8 |       0 |   0.0
        D:3 |       6 |       0 |   0.0 |       3 |       0 |   0.0
        D:4 |     273 |       0 |   0.0 |      14 |       0 |   0.0
            +---------+---------+-------+---------+---------+-------
